 Dungeon Crawl Stone Soup version 0.26-a0-778-g3fe0686644 (webtiles) character file.

Game seed: 7463949203636158989

17124 lunkers the Impaler (level 12, 0/98 HPs)
             Began as a Merfolk Gladiator on Nov 9, 2020.
             Was an Elder of Ru.
             Slain by Rupert
             ... wielding a +0 triple sword of protection
              (32 damage)
             ... on level 12 of the Dungeon.
             The game lasted 00:29:01 (12596 turns).

lunkers the Impaler (Merfolk Gladiator)            Turns: 12596, Time: 00:29:02

Health: 0/98       AC: 11    Str: 14    XL:     12   Next: 44%
Magic:  10/10      EV: 24    Int:  9    God:    Ru [****..]
Gold:   732        SH:  0    Dex: 19    Spells: 11/11 levels left

rFire    . . .     SeeInvis .   b - +0 halberd
rCold    . . .     Faith    .   (shield currently unavailable)
rNeg     . . .     Spirit   .   e - +0 ring mail
rPois    .         Reflect  .   c - +1 helmet
rElec    .         Harm     .   T - +0 cloak
rCorr    .         Rampage  .   s - +1 pair of gloves
MR       +....                  V - +0 pair of boots
Stlth    +.........             U - amulet of regeneration
HPRegen  0.66/turn              g - +4 ring of evasion
MPRegen  0.12/turn              Q - ring of protection from magic

@: no scrolls, berserk cooldown, slowed, very slow
A: change form in water, swift swim, stealthy swim, low mp 1, inability to read
while threatened, no air magic, no hexes magic, no translocations magic,
unskilled 1
a: Draw Out Power, Power Leap, Renounce Religion


You were on level 12 of the Dungeon.
You worshipped Ru.
Ru was greatly pleased with you.
You visited 1 branch of the dungeon, and saw 12 of its levels.

You collected 732 gold pieces.

Inventory:

Hand Weapons
 b - a +0 halberd (weapon)
Missiles
 d - a throwing net {=f}
 y - 10 poisoned darts (quivered)
 L - 3 curare-tipped darts {=f}
Armour
 c - a +1 helmet (worn)
 e - a +0 ring mail (worn)
 s - a +1 pair of gloves (worn)
 D - a +2 buckler
 J - the +7 ice dragon scales "Goillaem" {rF- rC++ Str+4}
   (You found it on level 6 of the Dungeon)

   It affects your strength (+4).
   It makes you vulnerable to fire.
   It greatly protects you from cold.
 T - a +0 cloak (worn)
 V - a +0 pair of boots (worn)
Jewellery
 g - a +4 ring of evasion (left hand)
 p - an uncursed ring of see invisible
 v - an uncursed ring of protection from cold
 z - an uncursed ring of ice
 C - an uncursed ring of resist corrosion
 E - an uncursed ring of positive energy
 K - an uncursed ring of flight
 M - an uncursed ring of wizardry
 O - a +6 ring of intelligence
 P - an uncursed ring of magical power
 Q - a ring of protection from magic (right hand)
 U - an amulet of regeneration (around neck)
Wands
 a - a wand of random effects (21)
 n - a wand of enslavement (12)
 u - a wand of polymorph (7)
 B - a wand of iceblast (8)
 F - a wand of paralysis (6)
 H - a wand of digging (4)
 R - a wand of acid (8)
 S - a wand of flame (23)
Scrolls
 f - 6 scrolls of remove curse
 i - 5 scrolls of amnesia
 j - 3 scrolls of magic mapping
 k - 7 scrolls of teleportation
 l - 4 scrolls of identify
 m - 3 scrolls of fog
 r - 2 scrolls of enchant armour
 x - a scroll of immolation
Potions
 h - a potion of attraction
 o - 7 potions of lignification
 q - 2 potions of ambrosia
 t - 2 potions of might
 w - a potion of haste
 A - 2 potions of berserk rage
 G - 5 potions of curing
 I - 2 potions of heal wounds
 N - a potion of brilliance
 W - a potion of magic


   Skills:
 + Level 10.5 Fighting
 - Level 16.5 Polearms
 - Level 1.7 Throwing
 + Level 0.0 Armour
 + Level 12.5 Dodging
 + Level 3.6 Evocations


You had 11 spell levels left.
You didn't know any spells.
Your spell library contained the following spells:

 Spells                   Type           Power        Failure   Level
 Animate Dead             Necr           #.........   100%        4
 Borgnjor's Vile Clutch   Necr/Erth      #.........   100%        5
 Death Channel            Necr           #.........   100%        6
 Simulacrum               Ice/Necr       #.........   100%        6
 Shock                    Conj/Air       Unusable     N/A         1
 Swiftness                Air            Unusable     N/A         2
 Static Discharge         Conj/Air       Unusable     N/A         3
 Airstrike                Air            Unusable     N/A         4
 Lightning Bolt           Conj/Air       Unusable     N/A         5

Dungeon Overview and Level Annotations

Branches:
Dungeon (12/15)            Temple (0/1) D:4            Lair (0/6) D:10
    Orc (0/2) D:9

Altars:
Dithmenos
Gozag
Hepliaklqana
Nemelex Xobeh
Ru
Yredelemnul

Shops:
D:10 (

Annotations:
D:12 Rupert


Innate Abilities, Weirdness & Mutations

You revert to your normal form in water.
You are very nimble and swift while swimming.
You are very stealthy in the water. (Stealth+)
Your magical capacity is low. (-10% MP)
You cannot read scrolls while threatened.
You cannot study or cast Air magic.
You cannot study or cast Hexes magic.
You cannot study or cast Translocations magic.
You are somewhat unskilled. (-1 Apt)


Message History

You are no longer berserk.
You pass out from exhaustion.
You feel yourself slow down.
Rupert hits you with a +0 triple sword of protection!
Rupert hits you with a +0 triple sword of protection!
You feel threatened and lose the ability to read scrolls!
Rupert hits you with a +0 triple sword of protection!!
* * * LOW HITPOINT WARNING * * *
Rupert hits you with a +0 triple sword of protection!
* * * LOW HITPOINT WARNING * * *
You can move again.
Unknown command.
Unknown command.
Unknown command.
You cannot read scrolls in your current state!
Unknown command.
Rupert barely misses you. Rupert barely misses you.
Rupert hits you with a +0 triple sword of protection!!
You die...

#..... #....# ######
#....### ##.<...#
#.....# #.....# ###'###
#######.# +####
#.....#.#########..>^..
#.......@@Y.....'......
#.......#########....$.
#...........# .....
#######....<# ....
#.....# ... #.....# ##
#...).# #.....# #######


You could see Rupert (berserk) and an ice beast.

Vanquished Creatures
  Josephine (D:10)
  Erolcha (D:10)
  3 two-headed ogres
  2 cyclopes
  Joseph (D:9)
  7 gargoyles
  A komodo dragon (D:9)
  Grinder (D:6)
  A meliai zombie (D:12)
  15 yaks
  Sigmund (D:2)
  3 wraiths (D:9)
  3 wyverns
  Menkaure (D:4)
  Grum (D:10)
  2 water moccasins
  5 orc warriors
  4 ice beasts
  2 black bears (D:10)
  2 phantoms (D:8)
  3 sky beasts
  4 ogres
  2 wolves (D:10)
  12 centaurs
  A big kobold (D:9)
  Blork the orc (D:4)
  8 bullfrogs
  A gnoll sergeant (D:5)
  2 scorpions
  10 killer bees
  5 howler monkeys
  3 hounds
  2 quasits
  A bullfrog zombie (D:10)
  5 jellies
  2 orc priests
  A gnoll shaman (D:5)
  4 bullfrog skeletons
  3 centaur skeletons
  11 orc wizards
  Natasha (thrice) (D:2)
  2 iguanas (D:12)
  4 worker ants
  A hound skeleton (D:4)
  2 worker ant zombies
  23 gnolls
  12 adders
  A shadow imp (D:6)
  4 white imps
  An ufetubus (D:9)
  3 worms
  4 dart slugs
  8 leopard geckos
  37 orcs
  8 bats
  8 giant cockroaches
  8 goblins
  10 hobgoblins
  A jackal (D:1)
  10 kobolds
  5 quokkas
  2 ball pythons
  5 frilled lizards
  A giant cockroach zombie (D:6)
  A jackal skeleton (D:6)
  A leopard gecko skeleton (D:6)
  A quokka skeleton (D:4)
  6 rats
  A spectral orc (D:5)
311 creatures vanquished.

Vanquished Creatures (collateral kills)
  A yak (D:9)
  An adder (D:9)
2 creatures vanquished.

Vanquished Creatures (others)
  A wraith (D:10)
  A centaur (D:9)
  An orc priest (D:7)
  A hound skeleton (D:4)
  An orc (D:9)
  A giant cockroach (D:4)
6 creatures vanquished.

Grand Total: 319 creatures vanquished

Notes
Turn   | Place    | Note
-------+----------+-------------------------------------------
     0 | D:1      | lunkers the Merfolk Gladiator began the quest for the Orb.
     0 | D:1      | Reached XP level 1. HP: 16/16 MP: 1/1
   172 | D:1      | Reached XP level 2. HP: 21/23 MP: 2/2
   450 | D:1      | Reached skill level 5 in Polearms
   450 | D:1      | Reached XP level 3. HP: 21/28 MP: 3/3
   970 | D:2      | Found a sacrificial altar of Ru.
   984 | D:2      | Reached skill level 5 in Dodging
   984 | D:2      | Reached XP level 4. HP: 24/35 MP: 4/4
   996 | D:2      | Became a worshipper of Ru the Awakened
  1305 | D:2      | Noticed Natasha
  1312 | D:2      | Killed Natasha
  1312 | D:2      | Reached XP level 5. HP: 29/41 MP: 5/5
  1711 | D:2      | Noticed Sigmund
  1727 | D:2      | Killed Sigmund
  1727 | D:2      | Reached skill level 6 in Polearms
  1727 | D:2      | Reached XP level 6. HP: 20/49 MP: 6/6
  1976 | D:2      | Noticed Natasha
  1983 | D:2      | Killed Natasha
  2368 | D:3      | Found a sparkling altar of Nemelex Xobeh.
  2369 | D:3      | Found an opulent altar of Gozag.
  2412 | D:3      | Gained mutation: You cannot read scrolls while threatened.
                  | [Ru sacrifice]
  2412 | D:3      | Reached * piety under Ru
  2589 | D:3      | Reached skill level 7 in Polearms
  3139 | D:4      | Reached XP level 7. HP: 53/55 MP: 7/7
  3171 | D:4      | Noticed Menkaure
  3187 | D:4      | Killed Menkaure
  3187 | D:4      | Reached skill level 5 in Fighting
  3381 | D:4      | Found a staircase to the Ecumenical Temple.
  3560 | D:4      | Noticed Blork the orc
  3592 | D:4      | Killed Blork the orc
  3724 | D:4      | Reached skill level 8 in Polearms
  3755 | D:2      | Noticed Natasha
  3769 | D:2      | Killed Natasha
  4306 | D:4      | Reached XP level 8. HP: 48/64 MP: 8/8
  4773 | D:5      | Entered Level 5 of the Dungeon
  4800 | D:5      | Reached skill level 9 in Polearms
  5006 | D:5      | Found a sand-covered staircase.
  5598 | D:5      | Found a basalt altar of Yredelemnul.
  5646 | D:5      | Gained mutation: You cannot study or cast Air magic. [Ru
                  | sacrifice]
  5646 | D:5      | Gained mutation: You cannot study or cast Hexes magic. [Ru
                  | sacrifice]
  5646 | D:5      | Gained mutation: You cannot study or cast Translocations
                  | magic. [Ru sacrifice]
  5646 | D:5      | Reached ** piety under Ru
  5969 | D:6      | Got slimy ice dragon scales
  5980 | D:6      | Identified the +7 ice dragon scales "Goillaem" {rF- rC++
                  | Str+4} (You found it on level 6 of the Dungeon)
  6212 | D:6      | Reached skill level 10 in Polearms
  6246 | D:6      | Noticed Grinder
  6253 | D:6      | Killed Grinder
  6253 | D:6      | Reached XP level 9. HP: 72/72 MP: 9/9
  6678 | D:7      | Found a shadowy altar of Dithmenos.
  6679 | D:7      | Found a hazy altar of Hepliaklqana.
  6794 | D:7      | Reached skill level 11 in Polearms
  7274 | D:7      | Reached skill level 1 in Evocations
  7559 | D:8      | Noticed a two-headed ogre
  7575 | D:8      | Killed a two-headed ogre
  7575 | D:8      | Reached skill level 12 in Polearms
  7575 | D:8      | Reached skill level 10 in Dodging
  7822 | D:8      | Gained mutation: Your magical capacity is low. (-10% MP)
                  | [Ru sacrifice]
  7822 | D:8      | Reached *** piety under Ru
  7903 | D:8      | Noticed a gargoyle
  7921 | D:8      | Killed a gargoyle
  7921 | D:8      | Reached XP level 10. HP: 58/82 MP: 9/9
  8033 | D:8      | Noticed a gargoyle
  8045 | D:8      | Killed a gargoyle
  8055 | D:8      | Noticed a gargoyle
  8061 | D:8      | Killed a gargoyle
  8067 | D:8      | Noticed a gargoyle
  8082 | D:8      | Killed a gargoyle
  8082 | D:8      | Reached skill level 13 in Polearms
  8205 | D:8      | Noticed a gargoyle
  8214 | D:8      | Killed a gargoyle
  9366 | D:9      | Reached skill level 14 in Polearms
  9686 | D:9      | Noticed Joseph
  9706 | D:9      | Killed Joseph
  9960 | D:9      | Noticed Maurice
  9961 | D:9      | Noticed Maurice
  9961 | D:9      | Maurice changed into Maurice the wyvern
  9974 | D:9      | Killed Maurice the wyvern
  9974 | D:9      | Reached XP level 11. HP: 76/89 MP: 9/9
 10212 | D:9      | Found a staircase to the Orcish Mines.
 10697 | D:10     | Entered Level 10 of the Dungeon
 10710 | D:10     | Reached skill level 15 in Polearms
 10796 | D:9      | Reached skill level 10 in Fighting
 10833 | D:10     | Noticed Erolcha
 10918 | D:10     | Noticed Josephine
 11047 | D:10     | Noticed a two-headed ogre
 11057 | D:10     | Killed a two-headed ogre
 11057 | D:10     | Reached skill level 16 in Polearms
 11097 | D:10     | Found a staircase to the Lair.
 11103 | D:10     | Noticed Grum
 11130 | D:10     | Killed Grum
 11144 | D:10     | Found Pimorule's Weapon Emporium.
 11231 | D:10     | Killed Josephine
 11341 | D:10     | Killed Erolcha
 11614 | D:11     | Noticed a two-headed ogre
 11629 | D:10     | Reached XP level 12. HP: 96/99 MP: 10/10
 11692 | D:11     | Killed a two-headed ogre
 11692 | D:11     | Reached skill level 17 in Polearms
 12570 | D:12     | Noticed Rupert
 12578 | D:12     | Gained mutation: You are somewhat unskilled. (-1 Apt) [Ru
                  | sacrifice]
 12578 | D:12     | Reduced skill Fighting to level 10
 12578 | D:12     | Reduced skill Polearms to level 16
 12578 | D:12     | Reduced skill Throwing to level 1
 12578 | D:12     | Reached **** piety under Ru
 12596 | D:12     | Slain by Rupert

Illustrated notes

Levels and vault maps discovered:
D:1:      kennysheep_arrival_forest, layout_basic, minmay_pentomino_q4
D:2:      layout_basic, nicolae_ru_great_annihilating_truth, uniq_natasha,
          uniq_sigmund
D:3:      layout_loops_cross, grunt_temple_overflow_opulence,
          chequers_serial_rivers_small_a
D:4:      layout_basic, minmay_temple_entry_hall, gup_sewer_entry_glass,
          minmay_misc_feat_pillars, chequers_mini_garden, minivault_11,
          uniq_blork_the_orc, uniq_menkaure
D:5:      layout_basic, yredelemnul_forgotten_temple_becter,
          nicolae_ossuary_entry_ruins, interstate_on_off
D:6:      layout_loops_ring, uniq_grinder
D:7:      layout_loops_ring, riverfiend_overflow_shadow_ancestor,
          minmay_statues_item, kennysheep_generic_room_9
D:8:      cheibrodos_statue_roulette, layout_basic, hangedman_decor_lopped
D:9:      layout_basic, david_orc_2, uniq_joseph, uniq_maurice
D:10:     layout_cave_pools, lair_entry_dummy, serial_shops,
          nicolae_shop_behind_doors, uniq_grum, uniq_josephine, uniq_erolcha
D:11:     layout_rooms
D:12:     layout_basic, serial_shops, kennysheep_mini,
          makhleb_altar_promises_db, uniq_nessos, uniq_rupert

Skill      XL: |  1  2  3  4  5  6  7  8  9 10 11 12 |
---------------+-------------------------------------+-----
Polearms       | 5 6 7 8 10 12 14 16 16 | 16.5
Fighting       | 3 4 5 7 8 9 10 10 | 10.5
Dodging        | 5 6 7 9 10 11 12 12 | 12.5
Evocations     | 3 4 3 |  3.6
Throwing       | 1 |  1.7

Action                   |  1- 3 |  4- 6 |  7- 9 | 10-12 || total
-------------------------+-------+-------+-------+-------++-------
Melee: Trident           |    80 |   141 |   187 |       ||   408
       Unarmed           |       |    12 |       |       ||    12
       Halberd           |       |       |   260 |   712 ||   972
Throw: Dart              |    52 |    54 |    32 |    39 ||   177
       Throwing net      |       |     2 |     1 |       ||     3
Invok: Sacrifice Words   |       |     1 |       |       ||     1
       Sacrifice Arcana  |       |       |     1 |       ||     1
       Sacrifice Essence |       |       |     1 |       ||     1
       Sacrifice Skill   |       |       |       |     1 ||     1
Evoke: Wand              |       |       |     6 |     6 ||    12
  Use: Scroll            |       |       |       |    21 ||    21
       Potion            |       |       |       |     1 ||     1
 Stab: Sleeping          |     2 |       |       |       ||     2
       Paralysed         |       |     3 |     7 |     8 ||    18
       Distracted        |       |     1 |       |     2 ||     3
       Held in net/web   |       |       |     1 |       ||     1
       Invisible         |       |       |       |     3 ||     3
Armor: Leather armour    |    19 |    16 |     3 |       ||    38
       Ring mail         |       |       |    42 |    95 ||   137
Dodge: Dodged            |    54 |    89 |   273 |   611 ||  1027

Table legend: (Time is in decaauts)
 A = Elapsed time spent in this place.
 B = Non-inter-level travel time spent in this place.
 C = Inter-level travel time spent in this place.
 D = Time resting spent in this place.
 E = Time spent auto-exploring this place.
 F = Levels seen in this place.
 G = Mean time per level.
                   A        B        C        D        E       F      G
               +--------+--------+--------+--------+--------+-----+--------+
         Total |  12373 |  11978 |    395 |    119 |   8960 |  12 | 1031.1 |
       Dungeon |  12373 |  11978 |    395 |    119 |   8960 |  12 | 1031.1 |
               +--------+--------+--------+--------+--------+-----+--------+

Top non-repeatable levels by time:
     D:9: 1737 daAuts
     D:8: 1719 daAuts
     D:4: 1550 daAuts
     D:2: 1186 daAuts
     D:3: 1071 daAuts
     D:1: 939 daAuts
     D:5: 939 daAuts
     D:7: 888 daAuts
     D:6: 791 daAuts
    D:10: 721 daAuts
    D:11: 606 daAuts
    D:12: 222 daAuts
